 Dungeon Crawl Stone Soup version 0.31-a0-145-g046c7d2549 (webtiles) character file.

Game seed: 16239039525367153682

109651 lessens the Shatterer (level 17, 0/143 HPs)
             Began as a Formicid Fighter on June 6, 2023.
             Was a High Priest of Okawaru.
             Slain by a bog body (19 damage)
             ... on level 1 of the Swamp.
             The game lasted 00:48:17 (30364 turns).

lessens the Shatterer (Formicid Fighter)           Turns: 30364, Time: 00:48:18

Health: 0/143      AC: 22    Str: 42    XL:     17   Next: 7%
Magic:  0/23       EV:  9    Int: 12    God:    Okawaru [*****.]
Gold:   1841       SH: 13    Dex: 13    Spells: 16/16 levels left

rFire   + + +        y - +2 great mace (holy)
rCold   . . .        V - +0 tower shield
rNeg    . . .        r - +3 plate armour {rPois}
rPois   +            (helmet unavailable)
rElec   +            O - +0 cloak
rCorr   .            K - +0 pair of gloves of Patterns {rElec rF++}
SInv    +            U - +0 pair of boots "Etiumaugh" {Fly rF+ Str+2 Int+3}
Will    +....        t - amulet of guardian spirit Stlth
                     z - +6 ring of strength
HPRegen 0.43/turn    B - +6 ring of strength
MPRegen 0.18/turn

%: guardian spirit
@: flying
A: permanent stasis, dig shafts and tunnels, antennae 3, four strong arms
a: Dig, Shaft Self, Renounce Religion, Heroism, Finesse, Duel


You were on level 1 of the Swamp.
You worshipped Okawaru.
Okawaru was extremely pleased with you.
You visited 5 branches of the dungeon, and saw 24 of its levels.
You visited the Abyss 1 time.
You also visited: Ossuary.

You collected 2385 gold pieces.
You spent 544 gold pieces at shops.

Inventory:

Hand Weapons
 c - a +0 great mace
 q - a +2 dire flail
 y - a +2 great mace of holy wrath (weapon)
 N - a +1 flail of holy wrath
 S - a +0 giant spiked club
Missiles
 i - 173 stones
 s - 4 boomerangs
 F - 4 silver javelins
 M - 21 poisoned darts
 Z - 9 curare-tipped darts
Armour
 r - a +3 plate armour of poison resistance (worn)
 K - the +0 pair of gloves of Patterns (worn) {rElec rF++}
   (Okawaru gifted it to you on level 13 of the Dungeon)

   rF:        It greatly protects you from fire.
   rElec:     It insulates you from electricity.
 O - a +0 cloak (worn)
 U - the +0 pair of boots "Etiumaugh" (worn) {Fly rF+ Str+2 Int+3}
   (You found it on level 9 of the Dungeon)

   Str:       It affects your strength (+2).
   Int:       It affects your intelligence (+3).
   rF:        It protects you from fire.
   Fly:       It grants you flight.
 V - a +0 tower shield (worn)
 Y - the +9 chain mail of Resourcefulness {+Blink Str+2 Int+7 Stlth-}
   (Okawaru gifted it to you on level 12 of the Dungeon)

   Str:       It affects your strength (+2).
   Int:       It affects your intelligence (+7).
   +Blink:    It lets you blink.
   Stlth:     It makes you less stealthy.
Jewellery
 a - a ring of resist corrosion
 t - an amulet of guardian spirit (around neck)
 z - a +6 ring of strength (left hand)
 B - a +6 ring of strength (right hand)
 C - an amulet of regeneration
 I - a ring of protection from fire
 X - a ring of ice
Wands
 b - a wand of polymorph (1)
 H - a wand of acid (7)
 L - a wand of roots (8)
 T - a wand of flame (22)
Scrolls
 j - 4 scrolls of enchant armour
 k - 2 scrolls of silence
 m - 4 scrolls of vulnerability
 n - 4 scrolls of fog
 o - 13 scrolls of enchant weapon
 u - 2 scrolls of identify
 v - 3 scrolls of magic mapping
 x - 5 scrolls of poison
 D - 4 scrolls of amnesia
 J - a scroll of butterflies
Potions
 d - 3 potions of might
 e - 9 potions of curing
 f - 8 potions of heal wounds
 g - 2 potions of magic
 h - 5 potions of cancellation
 l - a potion of attraction
 p - 5 potions of degeneration
 w - 2 potions of brilliance
 A - 2 potions of lignification
 E - 3 potions of enlightenment
 G - a potion of experience {unknown}
 P - 3 potions of ambrosia
 W - a potion of mutation {unknown}


   Skills:
 + Level 15.7 Fighting
 - Level 22.0 Maces & Flails
 + Level 11.0 Armour
 - Level 4.2 Dodging
 - Level 4.0 Shields
 - Level 8.0 Invocations


You had 16 spell levels left.
You didn't know any spells.
Your spell library contained the following spells:

 Spells                   Type           Power      Damage    Failure   Level
 Apportation              Tloc           0%         N/A       98%         1
 Necrotise                Necr           0%         1d4       98%         1
 Sandblast                Erth           0%         2d4       98%         1
 Passwall                 Tmut/Erth      0%         N/A       99%         2
 Static Discharge         Conj/Air       0%         2-2/arc   99%         2
 Dazzling Flash           Conj/Hex       0%         N/A       100%        3
 Gell's Gravitas          Tloc           0%         N/A       100%        3
 Ignite Poison            Fire/Tmut/Pois 0%         N/A       100%        3
 Inner Flame              Hex/Fire       0%         N/A       100%        3
 Stone Arrow              Conj/Erth      0%         3d7       100%        3
 Teleport Other           Tloc           0%         N/A       100%        3
 Airstrike                Air            0%         2d(0-16)  100%        4
 Anguish                  Hex/Necr       0%         N/A       100%        4
 Cause Fear               Hex            0%         N/A       100%        4
 Flame Wave               Conj/Fire      0%         2d4       100%        4
 Manifold Assault         Tloc           0%         N/A       100%        4
 Sticky Flame             Conj/Fire      0%         2d3       100%        4
 Agony                    Necr           0%         N/A       100%        5
 Blade Hands              Tmut           0%         N/A       100%        5
 Silence                  Hex/Air        0%         N/A       100%        5
 Yara's Violent Unravell  Hex/Tmut       0%         3d3       100%        5
 Dispersal                Tloc           0%         N/A       100%        6
 Enfeeble                 Hex            0%         N/A       100%        7
 Orb of Destruction       Conj           0%         9d5       100%        7
 Storm Form               Tmut/Air       0%         N/A       100%        7
 Ignition                 Fire           0%         3d3       100%        8
 Lehudib's Crystal Spear  Conj/Erth      0%         10d2      100%        8
 Summon Small Mammal      Summ           Unusable   N/A       N/A         1
 Blink                    Tloc           Unusable   N/A       N/A         2
 Summon Guardian Golem    Hex/Summ       Unusable   N/A       N/A         3
 Animate Armour           Summ/Erth      Unusable   N/A       N/A         4
 Summon Lightning Spire   Summ/Air       Unusable   N/A       N/A         4
 Spellforged Servitor     Conj/Summ      Unusable   N/A       N/A         7

Dungeon Overview and Level Annotations

Branches:
Dungeon (15/15) Zot: 25510  Temple (1/1) D:5 Zot: 5870    Lair (5/5) D:8 Zot: 22695
  Swamp (1/4) Lair:2 Zot: 5830   Snake (0/4) Lair:3        Slime (0/5) Lair:5
    Orc (2/2) D:11 Zot: 9067     Elf (0/3) Orc:2        Vaults (0/5) D:14
 Depths (0/4) D:15        Ossuary (visited)

Altars:
Dithmenos
Elyvilon
Hepliaklqana
Makhleb
Okawaru
Xom

Shops:
D:5 *   D:11 (   D:13 (*   D:15 :   Orc:1 *   Orc:2 (:[*

Portals:
Abyss: Lair:4

Annotations:
D:9 3 runed translucent doors, Licon's ghost, novice DgFi
Lair:3 exclusion: oklob plant
Lair:4 2 transporters, NateTC's ghost, journeyman TrFi


Innate Abilities, Weirdness & Mutations

You cannot be hasted, slowed, berserked, paralysed or teleported.
You can dig through walls and to a lower floor.
You have a pair of large antennae on your head. (SInv)
Your four strong arms can wield two-handed weapons with a shield.


Message History

You block the swamp worm's attack.
The will-o-the-wisp gestures.
The will-o-the-wisp conjures some foxfire!
The bog body casts a spell at you.
The bolt of cold misses you. 2 foxfires come into view.
You thump the will-o-the-wisp!
The will-o-the-wisp is heavily damaged.
The foxfire hits you. You resist. You block the goliath frog's attack.
You block the swamp worm's attack.
You bludgeon the will-o-the-wisp!!
The will-o-the-wisp is almost destroyed.
The will-o-the-wisp engulfs you but does no damage.
You block the goliath frog's attack. The bog body touches you!
The bog body freezes you!! The swamp worm barely misses you.
You sock the will-o-the-wisp!
You destroy the will-o-the-wisp!
Okawaru accepts your kill. You block the goliath frog's attack.
The bog body touches you. The bog body freezes you!!
The swamp worm barely misses you.
You bludgeon the swamp worm!!
The swamp worm is heavily wounded.
The goliath frog hits you from afar.
You are splashed with acid!
You block the bog body's attack. You block the swamp worm's attack.
You barely miss the swamp worm.
The swamp worm is heavily wounded.
The goliath frog hits you from afar!
You are splashed with acid!
* * * LOW HITPOINT WARNING * * *
The bog body touches you but does no damage.
The swamp worm barely misses you.
You closely miss the swamp worm.
The swamp worm is heavily wounded.
The goliath frog hits you from afar.
* * * LOW HITPOINT WARNING * * *
You are splashed with acid!
* * * LOW HITPOINT WARNING * * *
The bog body touches you!
* * * LOW HITPOINT WARNING * * *
The bog body freezes you!!
You die...

... ♣♣~.♣.~~~~~~♣.~~~~
..~♣♣♣♣♣.~§.~~~~~~~~.~~~~
$~.......~.~~§~§~.♣~.~~..
.......#.....~~~.~♣♣~...♣
#........♣♣~...~♣♣♣♣♣♣♣
#.#.....#..♣♣♣♣♣♣
#....##.~.♣
......#.#....♣
.....##@.#....♣
.......†wn..~..♣
.##.#....F....♣.
#$..#........~
.......#$.~...~ .....##
.♣..... ♣.. . ~......
~.~~ §~.~..~


You could see a goliath frog, a bog body and a swamp worm.

Vanquished Creatures
  A lich (Abyss:2)
  A tentacled starspawn (Abyss:2)
  Donald (Orc:2)
  An orc warlord (Orc:2)
  An eleionoma (Swamp:1)
  A deep elf annihilator (D:13)
  3 ettins
  Snorg (Orc:2)
  A fire dragon (Lair:5)
  A great orb of eyes (Abyss:2)
  2 ogre magi
  Harold (D:9)
  4 vault guards (D:14)
  9 hydras
  A catoblepas (D:13)
  5 centaur warriors
  2 boulder beetles
  15 two-headed ogres
  2 tengu warriors
  3 death yaks (Lair:5)
  A hell hog (Abyss:2)
  2 orc high priests (Orc:2)
  2 thrashing horrors (Abyss:2)
  A hell knight (D:15)
  Sonja (Lair:1)
  A fire crab (shapeshifter) (D:14)
  4 skysharks
  4 skeletal warriors (D:13)
  A wretched star (Abyss:2)
  A goliath frog (Swamp:1)
  A deep troll (D:15)
  A swamp dragon (Lair:5)
  4 large abominations (Abyss:2)
  Pikel (D:9)
  2 lindwurms (Lair:5)
  3 wizards (D:15)
  A bog body (Swamp:1)
  4 deep elf pyromancers
  A lindwurm (shapeshifter) (D:13)
  5 orc knights
  4 orc sorcerers (Orc:2)
  7 cyclopes
  A wolf spider (D:13)
  14 ugly things
  2 will-o-the-wisps (Swamp:1)
  A worldbinder (Abyss:2)
  16 elephants
  6 black mambas
  A gargoyle (D:12)
  Maggie (D:6)
  9 cane toads
  8 komodo dragons
  6 rime drakes
  2 kobold demonologists (D:14)
  A tengu conjurer (D:15)
  An efreet (D:14)
  6 trolls
  A meliai (D:14)
  7 polar bears
  A hornet (D:7)
  3 tyrant leeches (Lair:2)
  Grinder (D:6)
  A raiju (Abyss:2)
  3 dream sheep (Lair:5)
  Prince Ribbit (D:9)
  9 blink frogs
  5 slime creatures
  A flying skull (Abyss:2)
  2 wraiths
  31 yaks
  2 wyverns
  A shadow (D:9)
  A ynoxinul (Abyss:2)
  5 basilisks
  A vampire (D:11)
  A chaos spawn (Abyss:2)
  3 steam dragons (Lair:5)
  8 vampire mosquitoes
  4 wargs
  3 nagas (Lair:3)
  5 acid dragons
  2 swamp worms
  14 water moccasins
  27 orc warriors
  7 ice beasts
  2 sky beasts (D:6)
  3 black bears
  7 ogres
  10 wolves
  A phantom (D:5)
  3 lemures (D:9)
  3 kobold brigands
  2 gnoll sergeants
  10 scorpions
  15 bullfrogs
  2 small abominations
  10 killer bees
  4 electric eels
  A howler monkey (D:5)
  A jelly (D:6)
  A centaur zombie (Ossuary)
  3 hounds
  A human zombie (Ossuary)
  15 orc priests
  6 starcursed masses (D:15)
  A gnoll bouda (D:8)
  An iron imp (Abyss:2)
  9 iguanas
  6 scorpion zombies (Ossuary)
  A sleepcap (D:7)
  20 orc wizards
  8 hell rats
  3 mummies (Ossuary)
  14 gnolls
  6 adders
  9 river rats (Lair:3)
  2 white imps
  3 ufetubi
  A worm (D:2)
  2 dart slugs
  61 orcs
  7 bats
  An endoplasm (D:3)
  3 giant cockroaches (D:2)
  A gnoll zombie (Ossuary)
  6 hobgoblins
  3 jackals (D:2)
  3 training dummies (D:11)
  9 ball pythons
  2 frilled lizards
  7 goblins
  3 hobgoblin zombies (Ossuary)
  22 kobolds
  2 orc zombies (Ossuary)
  7 rats
  A starspawn tentacle (Abyss:2)
657 creatures vanquished.

Vanquished Creatures (others)
  An ufetubus (Abyss:2)
  An orc (Orc:2)
  8 foxfires (Swamp:1)
  10 starspawn tentacles (Abyss:2)
20 creatures vanquished.

Grand Total: 677 creatures vanquished

Notes
Turn   | Place    | Note
-------+----------+-------------------------------------------
     0 | D:1      | lessens the Formicid Fighter began the quest for the Orb.
     0 | D:1      | Reached XP level 1. HP: 18/18 MP: 1/1
   453 | D:1      | Reached XP level 2. HP: 24/24 MP: 2/2
   988 | D:2      | Reached skill level 3 in Maces & Flails
  1027 | D:2      | Reached XP level 3. HP: 26/29 MP: 3/3
  1329 | D:2      | Reached skill level 4 in Maces & Flails
  1329 | D:2      | Reached XP level 4. HP: 35/35 MP: 4/4
  1975 | D:3      | Reached XP level 5. HP: 41/41 MP: 5/5
  2151 | D:3      | Reached skill level 5 in Maces & Flails
  2740 | D:4      | Reached XP level 6. HP: 41/47 MP: 4/6
  2743 | D:4      | Reached skill level 6 in Maces & Flails
  2829 | D:4      | Identified the staff of death "Zull" {rC+ rN+ Int+2}
  2831 | D:4      | Noticed a black bear
  2858 | D:4      | Killed a black bear
  3515 | D:5      | Entered Level 5 of the Dungeon
  3523 | D:4      | Reached skill level 7 in Maces & Flails
  3523 | D:4      | Reached XP level 7. HP: 52/52 MP: 7/7
  3591 | D:5      | Found a sand-covered staircase.
  3698 | Ossuary  | Entered an ossuary
  3818 | Ossuary  | Reached skill level 8 in Maces & Flails
  3856 | Ossuary  | Reached XP level 8. HP: 54/58 MP: 6/8
  3936 | Ossuary  | Reached skill level 9 in Maces & Flails
  4388 | D:5      | Found Oxioga's General Store.
  4399 | D:5      | Bought a potion of enlightenment for 60 gold pieces
  4399 | D:5      | Bought a potion of might for 48 gold pieces
  4432 | D:5      | Reached skill level 10 in Maces & Flails
  4434 | D:5      | Found the +1 Delatra's gloves {ID++}
  4462 | D:5      | Found a staircase to the Ecumenical Temple.
  4477 | Temple   | Entered the Ecumenical Temple
  4576 | Temple   | Became a worshipper of Warmaster Okawaru
  4931 | D:5      | Reached skill level 1 in Dodging
  4975 | D:5      | Reached XP level 9. HP: 60/64 MP: 9/9
  5339 | D:6      | Reached * piety under Okawaru
  5450 | D:6      | Reached skill level 11 in Maces & Flails
  5553 | D:6      | HP: 3/64 [poisoned by a water moccasin]
  5985 | D:6      | Noticed Maggie
  6004 | D:6      | Killed Maggie
  6094 | D:6      | Noticed Grinder
  6117 | D:6      | Killed Grinder
  6117 | D:6      | Reached ** piety under Okawaru
  6118 | D:6      | Reached skill level 12 in Maces & Flails
  6197 | D:6      | Found a burning altar of Makhleb.
  6340 | D:6      | Reached XP level 10. HP: 65/70 MP: 8/10
  6502 | D:7      | Reached skill level 1 in Invocations
  7120 | D:7      | Reached skill level 13 in Maces & Flails
  7718 | D:8      | Found a hazy altar of Hepliaklqana.
  7736 | D:8      | Reached *** piety under Okawaru
  8486 | D:8      | Found a staircase to the Lair.
  8508 | D:8      | Reached skill level 5 in Armour
  8617 | D:8      | Reached XP level 11. HP: 34/75 MP: 5/14
  8732 | D:8      | Reached **** piety under Okawaru
  8733 | D:8      | Reached skill level 14 in Maces & Flails
  9727 | D:9      | Noticed Pikel
  9745 | D:9      | Killed Pikel
  9798 | D:9      | Reached skill level 5 in Fighting
  9829 | D:9      | Noticed a two-headed ogre
  9830 | D:9      | Noticed Harold
  9842 | D:9      | Killed a two-headed ogre
  9863 | D:9      | Killed Harold
  9921 | D:9      | Noticed a two-headed ogre
 10080 | D:9      | Killed a two-headed ogre
 10080 | D:9      | Reached ***** piety under Okawaru
 10081 | D:9      | Reached skill level 15 in Maces & Flails
 10273 | D:9      | Noticed a cyclops
 10285 | D:9      | Killed a cyclops
 10463 | D:9      | Identified the +0 pair of boots "Etiumaugh" {Fly rF+ Str+2
                  | Int+3}
 10487 | D:9      | Noticed a cyclops
 10504 | D:9      | Killed a cyclops
 10736 | D:9      | Found a runed translucent gate.
 10737 | D:9      | Found a runed translucent gate.
 10737 | D:9      | Found a runed translucent gate.
 10737 | D:9      | Noticed Licon's ghost (novice DgFi)
 10786 | D:9      | Noticed Prince Ribbit
 10797 | D:9      | Killed Prince Ribbit
 11153 | D:10     | Entered Level 10 of the Dungeon
 11340 | D:10     | Noticed a two-headed ogre
 11348 | D:10     | Received a gift from Okawaru
 11355 | D:10     | Killed a two-headed ogre
 11356 | D:10     | Reached XP level 12. HP: 65/89 MP: 9/15
 11769 | D:10     | Noticed a two-headed ogre
 11782 | D:10     | Killed a two-headed ogre
 11783 | D:10     | Reached skill level 16 in Maces & Flails
 12209 | D:11     | Noticed a two-headed ogre
 12219 | D:11     | Killed a two-headed ogre
 12542 | D:11     | Found a staircase to the Orcish Mines.
 12612 | D:11     | Found Qodarr's Firing Range.
 13171 | Orc:1    | Entered Level 1 of the Orcish Mines
 13176 | Orc:1    | Received a gift from Okawaru
 13467 | Orc:2    | Entered Level 2 of the Orcish Mines
 13623 | Orc:2    | Noticed an orc high priest
 13623 | Orc:2    | Noticed an orc warlord
 13627 | Orc:2    | Noticed an orc high priest
 13628 | Orc:2    | Noticed an ettin
 13722 | D:12     | Found Acoesaetz's Distillery.
 14046 | D:12     | Noticed a two-headed ogre
 14054 | D:12     | Killed a two-headed ogre
 14055 | D:12     | Reached skill level 17 in Maces & Flails
 14544 | D:12     | Noticed a two-headed ogre
 14554 | D:12     | Killed a two-headed ogre
 14960 | D:12     | Identified the +9 chain mail of Resourcefulness {+Blink
                  | Str+2 Int+7 Stlth-} (Okawaru gifted it to you on level 12
                  | of the Dungeon)
 14960 | D:12     | Received a gift from Okawaru
 15176 | Lair:1   | Entered Level 1 of the Lair of Beasts
 15190 | Lair:1   | Noticed Sonja
 15204 | D:8      | Reached XP level 13. HP: 43/101 MP: 8/16
 15491 | Lair:1   | Killed Sonja
 16757 | Lair:2   | Reached skill level 18 in Maces & Flails
 16928 | Lair:2   | Found a staircase to the Swamp.
 18576 | Lair:3   | Noticed an eight-headed hydra
 18584 | Lair:3   | Killed an eight-headed hydra
 18641 | Lair:3   | Found a staircase to the Snake Pit.
 19028 | Lair:3   | Noticed a four-headed hydra
 19042 | Lair:3   | Killed a four-headed hydra
 19192 | Lair:4   | Received a gift from Okawaru
 19314 | Lair:4   | Noticed a cacodemon
 19654 | Lair:4   | Reached skill level 19 in Maces & Flails
 19755 | Lair:4   | Noticed a six-headed hydra
 19781 | Lair:4   | Reached XP level 14. HP: 55/108 MP: 7/17
 19939 | Lair:4   | Found a transporter.
 19955 | Lair:4   | Found a one-way gate to the infinite horrors of the Abyss.
 20234 | Lair:4   | Received a gift from Okawaru
 20333 | Lair:4   | Noticed NateTC's ghost (journeyman TrFi)
 20348 | Lair:4   | Found a transporter.
 20625 | Lair:5   | Entered Level 5 of the Lair of Beasts
 20850 | Lair:5   | Reached skill level 5 in Invocations
 21120 | Lair:5   | Found a staircase to the Slime Pits.
 21155 | Lair:5   | Reached skill level 20 in Maces & Flails
 21239 | Lair:5   | Received a gift from Okawaru
 21541 | Lair:5   | Identified the +0 scale mail of Neloss {Harm Dex+2 Slay+3}
                  | (Okawaru gifted it to you on level 5 of the Lair of Beasts)
 21541 | Lair:5   | Received a gift from Okawaru
 21652 | Lair:5   | Identified the +8 chain mail of Weirdness {Int+7}
 22050 | Lair:5   | Reached XP level 15. HP: 66/114 MP: 12/21
 23190 | Orc:1    | Reached skill level 21 in Maces & Flails
 23445 | Orc:2    | Killed an orc warlord
 23446 | Orc:2    | Reached skill level 10 in Fighting
 23585 | Orc:2    | Found Beith's Antique Weapon Boutique.
 23691 | Orc:2    | Found a staircase to the Elven Halls.
 23694 | Orc:2    | Bought a runed great mace for 256 gold pieces
 23982 | Orc:2    | Found Xaicorui's Antique Armour Shop.
 24076 | Orc:2    | Noticed Donald
 24096 | Orc:2    | HP: 1/111 [Donald/+3 broad axe of freezing (6)]
 24100 | Orc:2    | Killed Donald
 24299 | Orc:1    | Found Otuopt's Gadget Gallery.
 25091 | Orc:2    | Noticed Snorg
 25103 | Orc:2    | Killed Snorg
 25352 | Orc:2    | Found Ygi Peng's General Store.
 25534 | Orc:2    | Found Cetaf's Book Shoppe.
 26200 | D:13     | Found Bolem Enali's General Store.
 26203 | D:13     | Bought a scroll of identify for 30 gold pieces
 26203 | D:13     | Bought a potion of heal wounds for 75 gold pieces
 26203 | D:13     | Bought a potion of heal wounds for 75 gold pieces
 26695 | D:13     | Found Epoigud's Antique Weapon Boutique.
 26824 | D:13     | Identified the +0 pair of gloves of Patterns {rElec rF++}
                  | (Okawaru gifted it to you on level 13 of the Dungeon)
 26824 | D:13     | Received a gift from Okawaru
 26895 | D:13     | Reached XP level 16. HP: 105/127 MP: 17/22
 27600 | D:14     | Reached skill level 22 in Maces & Flails
 27604 | D:14     | Found a gate to the Vaults.
 28391 | D:15     | Entered Level 15 of the Dungeon
 28831 | D:15     | Found Ovuzidwiept's Book Shop.
 28868 | D:15     | Found a staircase to the Depths.
 28930 | Abyss:2  | Cast into level 2 of the Abyss (a wizard)
 28944 | Abyss:2  | Found a corrupted altar of Lugonu.
 28951 | Abyss:2  | Found a corrupted altar of Lugonu.
 29070 | Abyss:2  | Noticed a tentacled starspawn
 29126 | Abyss:2  | Killed a tentacled starspawn
 29127 | Abyss:2  | Reached skill level 15 in Fighting
 29129 | Abyss:2  | Reached skill level 10 in Armour
 29135 | Abyss:2  | Noticed a lich
 29139 | Abyss:2  | Killed a lich
 29148 | Abyss:2  | Reached ****** piety under Okawaru
 29192 | D:15     | Escaped the Abyss
 29207 | D:15     | Received a gift from Okawaru
 29643 | D:15     | Reached XP level 17. HP: 118/142 MP: 17/23
 30190 | Swamp:1  | Entered Level 1 of the Swamp
 30364 | Swamp:1  | Slain by a bog body

Illustrated notes

Levels and vault maps discovered:
D:1:      dpeg_arrival_ratfight, layout_loops_ring, bh_walls_and_bars
D:2:      layout_loops_ring, minmay_pentomino_o4
D:3:      layout_basic
D:4:      layout_basic, minmay_fountain_box, dk_noncrumbling_2
D:5:      layout_loops_ring, minmay_temple_entry_poolview,
          nicolae_ossuary_entry_false_entrances, serial_shops,
          nicolae_shop_temple_entry_statues_fountains
D:6:      layout_gridville, mainiacjoe_overflow_concentric_impassable,
          grunt_ministairs_8, uniq_grinder, uniq_maggie
D:7:      layout_basic, grunt_ministairs_9
D:8:      layout_basic, mainiacjoe_overflow_catwalk, hellmonk_lair_entry_icy,
          minmay_misc_feat_hallway
D:9:      layout_stronghold, gammafunk_ghost_spectres, minivault_14,
          lightli_minifort, uniq_prince_ribbit1, uniq_harold, uniq_pikel
D:10:     layout_cross
D:11:     layout_cave_pods, orc_0_dummy, nicolae_shop_firing_range
D:12:     layout_basic, serial_shops, nicolae_shop_crystal
D:13:     minmay_glassy_protrusions, layout_layer_cave, serial_shops, shop,
          nicolae_shop_tiny_real_fake_doors
D:14:     layout_basic, lightli_vaults_fourway_checkpoint,
          minmay_staircase_windowed_small
D:15:     hangedman_depths_entry_civil_slaughter, layout_stronghold,
          chequers_hall_statues_y, serial_column_ruins, column_ruins_grid_2,
          column_ruins_columns_corner, column_ruins_corridor_dead_end,
          column_ruins_open_small, column_ruins_corridor_straight,
          column_ruins_open_large, column_ruins_columns_straight, serial_shops,
          nicolae_shop_back_alley_shop, st_stairs_12
Temple:   mainiacjoe_temple_big_plus
Lair:1:   layout_misc_corridors, infiniplex_staircase_pool,
          serial_bayou_shore_a, uniq_sonja
Lair:2:   layout_cave_shapes, minmay_swamp_entry_worms, minivault_19
Lair:3:   layout_cave_pods, nicolae_snake_entry_squirm, kennysheep_rathole
Lair:4:   layout_roguey, gammafunk_ghost_abyssal_escape, st_stairs_9,
          chequers_serial_rivers_large_a, grunt_megastairs_4
Lair:5:   hangedman_lair_in_review, layout_long_grid, guppyfry_lair_end_dragon,
          slime_entry_1, infiniplex_staircase_pool_2, serial_bayou_shore_b
Swamp:1:  layout_basic_swamp, evilmike_swamp_ruin_rubble_1
Orc:1:    layout_diamond_mine, nicolae_shop_gadgets
Orc:2:    grunt_orc_gardens, layout_diamond_mine, grunt_orc_garden,
          grunt_orc_garden, grunt_orc_garden, grunt_orc_garden, uniq_donald,
          uniq_snorg

Skill      XL: |  1  2  3  4  5  6  7  8  9 10 11 12 13 14 15 16 17 |
---------------+----------------------------------------------------+-----
Maces & Flails | 3 4 5 7 8 10 12 13 15 17 19 20 21 22 | 22.0
Dodging        | 1 4 |  4.2
Invocations    | 4 8 |  8.0
Armour         | 5 8 9 10 11 | 11.0
Fighting       | 6 9 12 15 | 15.7
Shields        | |  4.0

Action                     |  1- 3 |  4- 6 |  7- 9 | 10-12 | 13-15 | 16-18 || total
---------------------------+-------+-------+-------+-------+-------+-------++-------
  Melee: Flail             |   104 |   143 |    23 |       |       |       ||   270
         Hand axe          |       |       |   323 |   692 |   403 |       ||  1418
         Dire flail        |       |       |       |       |   445 |       ||   445
         Great mace        |       |       |       |       |   279 |   321 ||   600
 Invoke: Heroism           |       |       |     2 |     9 |    21 |     4 ||    36
         Finesse           |       |       |       |       |       |     1 ||     1
Ability: Dig               |       |       |       |     3 |     6 |     2 ||    11
  Evoke: Wand              |       |       |       |       |     2 |     1 ||     3
    Use: Potion            |     1 |     1 |       |       |    10 |     1 ||    13
         Scroll            |       |       |     5 |     1 |    14 |     1 ||    21
 Armour: Scale mail        |    67 |    58 |   116 |    73 |       |       ||   314
         Swamp dragon scal |       |       |     6 |    87 |       |       ||    93
         Chain mail        |       |       |       |     9 |   485 |   129 ||   623
         Plate armour      |       |       |       |       |       |    19 ||    19
  Dodge: Dodged            |    62 |    63 |   114 |   243 |   374 |   120 ||   976
  Block: Buckler           |    44 |    26 |    45 |    84 |       |       ||   199
         Tower shield      |       |       |       |   139 |   763 |   201 ||  1103

Table legend: (Time is in decaauts)
 A = Elapsed time spent in this place.
 B = Non-inter-level travel time spent in this place.
 C = Inter-level travel time spent in this place.
 D = Time resting spent in this place.
 E = Time spent auto-exploring this place.
 F = Levels seen in this place.
 G = Mean time per level.
                   A        B        C        D        E       F      G
               +--------+--------+--------+--------+--------+-----+--------+
         Total |  30057 |  28806 |   1251 |   2662 |  20695 |  26 | 1156.0 |
       Dungeon |  18698 |  17762 |    936 |   1252 |  13545 |  15 | 1246.5 |
        Temple |    129 |    100 |     29 |      0 |     90 |   1 |  129.0 |
          Lair |   7304 |   7103 |    201 |    570 |   5359 |   5 | 1460.8 |
         Swamp |    169 |    169 |      0 |      0 |    114 |   1 |  169.0 |
  Orcish Mines |   2932 |   2848 |     84 |    695 |   1494 |   2 | 1466.0 |
         Abyss |    251 |    251 |      0 |      0 |      0 |   1 |  251.0 |
       Ossuary |    572 |    572 |      0 |    145 |     93 |   1 |  572.0 |
               +--------+--------+--------+--------+--------+-----+--------+

Top non-repeatable levels by time:
     D:8: 2133 daAuts
  Lair:5: 2108 daAuts
  Lair:3: 1778 daAuts
   Orc:1: 1745 daAuts
    D:13: 1605 daAuts
     D:9: 1462 daAuts
    D:12: 1445 daAuts
     D:7: 1432 daAuts
    D:11: 1397 daAuts
    D:15: 1359 daAuts
  Lair:4: 1337 daAuts
     D:5: 1284 daAuts
  Lair:2: 1220 daAuts
   Orc:2: 1186 daAuts
     D:4: 1155 daAuts

Levels and vault maps discovered:
D:1:      dpeg_arrival_ratfight, layout_loops_ring, bh_walls_and_bars
D:2:      layout_loops_ring, minmay_pentomino_o4
D:3:      layout_basic
D:4:      layout_basic, minmay_fountain_box, dk_noncrumbling_2
D:5:      layout_loops_ring, minmay_temple_entry_poolview,
          nicolae_ossuary_entry_false_entrances, serial_shops,
          nicolae_shop_temple_entry_statues_fountains
D:6:      layout_gridville, mainiacjoe_overflow_concentric_impassable,
          grunt_ministairs_8, uniq_grinder, uniq_maggie
D:7:      layout_basic, grunt_ministairs_9
D:8:      layout_basic, mainiacjoe_overflow_catwalk, hellmonk_lair_entry_icy,
          minmay_misc_feat_hallway
D:9:      layout_stronghold, gammafunk_ghost_spectres, minivault_14,
          lightli_minifort, uniq_prince_ribbit1, uniq_harold, uniq_pikel
D:10:     layout_cross
D:11:     layout_cave_pods, orc_0_dummy, nicolae_shop_firing_range
D:12:     layout_basic, serial_shops, nicolae_shop_crystal
D:13:     minmay_glassy_protrusions, layout_layer_cave, serial_shops, shop,
          nicolae_shop_tiny_real_fake_doors
D:14:     layout_basic, lightli_vaults_fourway_checkpoint,
          minmay_staircase_windowed_small
D:15:     hangedman_depths_entry_civil_slaughter, layout_stronghold,
          chequers_hall_statues_y, serial_column_ruins, column_ruins_grid_2,
          column_ruins_columns_corner, column_ruins_corridor_dead_end,
          column_ruins_open_small, column_ruins_corridor_straight,
          column_ruins_open_large, column_ruins_columns_straight, serial_shops,
          nicolae_shop_back_alley_shop, st_stairs_12
Temple:   mainiacjoe_temple_big_plus
Lair:1:   layout_misc_corridors, infiniplex_staircase_pool,
          serial_bayou_shore_a, uniq_sonja
Lair:2:   layout_cave_shapes, minmay_swamp_entry_worms, minivault_19
Lair:3:   layout_cave_pods, nicolae_snake_entry_squirm, kennysheep_rathole
Lair:4:   layout_roguey, gammafunk_ghost_abyssal_escape, st_stairs_9,
          chequers_serial_rivers_large_a, grunt_megastairs_4
Lair:5:   hangedman_lair_in_review, layout_long_grid, guppyfry_lair_end_dragon,
          slime_entry_1, infiniplex_staircase_pool_2, serial_bayou_shore_b
Swamp:1:  layout_basic_swamp, evilmike_swamp_ruin_rubble_1
Orc:1:    layout_diamond_mine, nicolae_shop_gadgets
Orc:2:    grunt_orc_gardens, layout_diamond_mine, grunt_orc_garden,
          grunt_orc_garden, grunt_orc_garden, grunt_orc_garden, uniq_donald,
          uniq_snorg
